 Dungeon Crawl Stone Soup version 0.29.1-4-g47bece8355 (webtiles) character file.

Game seed: 17126100627743297031

9496 CungeonDrawl the Warrior (level 11, -1/95 HPs)
             Began as a Djinni Fire Elementalist on Dec 5, 2022.
             Was a Priest of Makhleb.
             Slain by an ice beast (15 damage)
             ... summoned by an ice statue
             ... on level 10 of the Dungeon on Dec 6, 2022.
             The game lasted 01:05:00 (16131 turns).

CungeonDrawl the Warrior (DjFE)                    Turns: 16131, Time: 01:05:00

Health: -1/95      AC:  8    Str:  7    XL:     11   Next: 75%
Gold:   486        EV: 12    Int: 25    God:    Makhleb [***...] SH:  0 Dex: 13

rFire   + + +      SeeInvis .   h - +1 mace "Acupliubo" {vorpal, Int+3}
rCold   x . .      Faith    .   (no shield)
rNeg    . . .      Spirit   .   J - +2 robe {Will+}
rPois   ∞          Reflect  .   x - +2 hat
rElec   .          Harm     .   m - +0 cloak
rCorr   +          Rampage  .   n - +0 pair of gloves
Will    ++...                   (boots unavailable)
Stlth   ++........              (no amulet)
HPRegen 0.25/turn               v - ring of resist corrosion
MPRegen 0.00/turn               K - ring of protection from fire

@: flying
A: sickness immunity, fire resistance 2, cold vulnerability 1, float, innate
caster, HP casting, extra vitality 1
a: Renounce Religion, Minor Destruction, Lesser Servant of Makhleb


You were on level 10 of the Dungeon.
You worshipped Makhleb.
Makhleb was most pleased with you.
You visited 2 branches of the dungeon, and saw 11 of its levels.

You collected 718 gold pieces.
You spent 232 gold pieces at shops.

Inventory:

Hand Weapons
 h - the +1 mace "Acupliubo" (weapon) {vorpal, Int+3}
   (You found it on level 4 of the Dungeon)

   It inflicts extra damage upon your enemies.
   Int:       It affects your intelligence (+3).
Missiles
 l - 6 throwing nets
 O - a curare-tipped dart
Armour
 m - a +0 cloak (worn)
 n - a +0 pair of gloves (worn)
 w - a +2 robe of willpower
 x - a +2 hat (worn)
 J - a +2 robe of willpower (worn)
Magical Staves
 B - a staff of air
Jewellery
 v - a ring of resist corrosion (left hand)
 K - a ring of protection from fire (right hand)
Wands
 r - a wand of roots (4)
 y - a wand of acid (6)
 z - a wand of paralysis (10)
 C - a wand of flame (12)
 G - a wand of mindburst (16)
Scrolls
 b - 6 scrolls of teleportation
 c - 2 scrolls of fog {unknown}
 e - a scroll of acquirement {unknown}
 k - a scroll of fear {unknown}
 p - 3 scrolls of identify
 q - 2 scrolls of amnesia {unknown}
 u - 4 scrolls of brand weapon {unknown}
 D - a scroll of enchant weapon
 E - 2 scrolls of silence {unknown}
 H - a scroll of blinking {unknown}
 L - a scroll of magic mapping {unknown}
 M - 2 scrolls of enchant armour {unknown}
 P - a scroll of torment {unknown}
Potions
 a - 2 potions of magic {unknown}
 d - 7 potions of curing
 f - 3 potions of haste
 g - 3 potions of attraction
 i - 3 potions of heal wounds {unknown}
 j - 4 potions of might
 o - 5 potions of mutation
 s - 6 potions of brilliance
 t - a potion of cancellation {unknown}
 A - a potion of lignification {unknown}
 F - a potion of berserk rage
 I - a potion of ambrosia {unknown}
 N - 2 potions of resistance {unknown}


   Skills:
 * Level 15.2 Fighting
 - Level 2.2 Dodging
 - Level 1.6 Stealth
 - Level 7.0 Spellcasting


You couldn't memorise any spells.
You knew the following spells:

 Your Spells              Type           Power      Damage    Failure   Level
a - Foxfire               Conj/Fire      100%       2x1d9     1%          1
b - Scorch                Fire           86%        2d9       1%          2
c - Conjure Flame         Conj/Fire      43%        6-21      1%          3
d - Inner Flame           Hex/Fire       43%        N/A       1%          3
e - Flame Wave            Conj/Fire      43%        2d11      3%          4
f - Freeze                Ice            100%       1d11      1%          1
g - Wereblood             Tmut           43%        N/A       1%          2
h - Gell's Gravitas       Tloc           43%        N/A       1%          3
i - Corpse Rot            Necr/Pois/Air  43%        N/A       3%          4
j - Blade Hands           Tmut           21%        N/A       11%         5
Your spell library was empty.

Dungeon Overview and Level Annotations

Branches:
Dungeon (10/15)            Temple (1/1) D:6            Lair (0/5) D:9
    Orc: D:9-12

Altars:
Ashenzari
Cheibriados
Dithmenos
Elyvilon
Fedhas
Gozag
Hepliaklqana
Makhleb
Nemelex Xobeh
Okawaru
Qazlal
Ru
Trog
Uskayaw
Wu Jian
Xom
Yredelemnul
Zin
The Shining One

Shops:
D:3 (   D:6 *

Annotations:
D:3 exclusion: door
D:4 1 runed translucent door, Crazy Yiuf, Grinder
D:10 exclusion: ice statue


Innate Abilities, Weirdness & Mutations

You are immune to sickness and miasma.
You are immune to poison.
Your flesh is very heat resistant. (rF++)
You are vulnerable to cold. (rC-)
You float through the air rather than walking.
You learn spells naturally, not from books.
Your magical power is your life essence.
You have superior vitality. (+4 MHP)


Message History

The bolt of cold misses you. The ice beast barely misses you.
Flames lash the ice statue.
The ice statue melts!
The ice statue is severely damaged.
The ice beast barely misses you.
Flames lash the ice statue.
The ice statue melts!
The ice statue is almost destroyed.
The ice statue gestures.
Flames lash the ice beast.
The ice beast melts!
The ice beast is heavily wounded.
The ice beast's fire resistance burns away.
The ice statue gestures at you.
The bolt of cold hits the ice beast.
The ice beast completely resists.
The bolt of cold hits you!!
You feel a terrible chill! The ice beast misses you.
The ice beast attacks as you move away! The ice beast misses you.
The ice beast attacks as you move away! The ice beast hits you.
* * * LOW HITPOINT WARNING * * *
The ice beast freezes you!
You feel a terrible chill!
* * * LOW HITPOINT WARNING * * *
The ice beast is no longer more vulnerable to fire.
The ice beast attacks as you move away!
The ice beast hits you but does no damage.
The ice statue glitters chillingly in the dim dungeon light.
The ice beast attacks as you move away!
The ice beast hits you but does no damage.
The ice beast is no longer more vulnerable to fire.
The ice beast attacks as you move away! The ice beast closely misses you.
The ice beast attacks as you move away! The ice beast hits you.
* * * LOW HITPOINT WARNING * * *
The ice beast freezes you!!
You feel a terrible chill!
* * * LOW HITPOINT WARNING * * *
The ice beast attacks as you move away!
The ice beast hits you but does no damage.
The ice beast attacks as you move away! The ice beast misses you.
You feel better. The ice beast barely misses you.
The ice beast attacks as you move away! The ice beast misses you.
The ice beast attacks as you move away! The ice beast hits you.
* * * LOW HITPOINT WARNING * * *
The ice beast freezes you!
You feel a terrible chill!
You die...

.................................
#................................
#..#########...........##########
#................................
.................................
################..............###
# #...########...#
################......).......###
..............YY@................
#################################


You could see 2 ice beasts.

Vanquished Creatures
  Psyche (D:8)
  A troll (D:9)
  2 shadows (D:9)
  A wraith (D:8)
  A vampire (D:10)
  21 yaks
  2 steam dragons
  2 wyverns (D:9)
  Menkaure (D:4)
  2 water moccasins
  2 orc warriors
  An ice beast (D:8)
  2 sky beasts (D:7)
  2 wolves (D:9)
  2 ogres
  2 phantoms
  A kobold brigand (D:10)
  2 necrophages
  4 bullfrogs
  3 scorpions
  2 gnoll sergeants
  A water moccasin zombie (D:4)
  11 wights
  A water moccasin skeleton (D:4)
  9 killer bees
  7 electric eels
  A howler monkey (D:4)
  7 hounds
  3 jellies
  7 orc priests
  3 gnoll boudas
  6 orc wizards
  5 iguanas
  2 scorpion zombies (D:4)
  4 hound zombies (D:4)
  A hound skeleton (D:4)
  30 gnolls
  10 adders
  A shadow imp (D:8)
  A white imp (D:6)
  An ufetubus (D:5)
  3 adder zombies (D:4)
  2 worms
  4 dart slugs (D:4)
  23 orcs
  4 ball pythons
  2 endoplasms (D:2)
  A giant cockroach (D:3)
  4 goblins
  5 hobgoblins
  A jackal (D:5)
  9 kobolds
  2 quokkas
  2 bats
  3 frilled lizards
  3 rats
236 creatures vanquished.

Vanquished Creatures (collateral kills)
  2 foxfires (D:10)
2 creatures vanquished.

Vanquished Creatures (others)
  829 foxfires
  10 plants (D:10)
  A withered plant (D:4)
840 creatures vanquished.

Grand Total: 1078 creatures vanquished

Notes
Turn   | Place    | Note
-------+----------+-------------------------------------------
     0 | D:1      | CungeonDrawl the Djinni Fire Elementalist began the quest
                  | for the Orb.
     0 | D:1      | CungeonDrawl set off with the following spells memorised:
                  | Foxfire, Scorch, Conjure Flame, Inner Flame, Flame Wave.
     0 | D:1      | Reached XP level 1. HP: 15/15 MP: 0/0
   341 | D:1      | You are sucked into a shaft and drop 1 floor!
   414 | D:1      | Reached XP level 2. HP: 17/21 MP: 0/0
   972 | D:1      | Found a faded altar of an unknown god.
  1461 | D:2      | Reached XP level 3. HP: 19/25 MP: 0/0
  1461 | D:2      | Learned a level 1 spell: Freeze
  1955 | D:2      | Reached XP level 4. HP: 26/31 MP: 0/0
  2407 | D:3      | Found Lihaeli's Weapon Emporium.
  2414 | D:3      | Found a white marble altar of Elyvilon.
  2425 | D:3      | Found a bloodstained altar of Trog.
  2548 | D:3      | Reached XP level 5. HP: 31/35 MP: 0/0
  2548 | D:3      | Learned a level 2 spell: Wereblood
  2675 | D:3      | Found a hide-covered altar of Uskayaw.
  2744 | D:3      | Found a snail-covered altar of Cheibriados.
  3292 | D:4      | Noticed Grinder
  3335 | D:4      | Noticed a phantom
  3340 | D:4      | Killed a phantom
  3341 | D:4      | Reached XP level 6. HP: 36/40 MP: 0/0
  3345 | D:4      | Reached skill level 5 in Spellcasting
  3631 | D:4      | Reached XP level 7. HP: 23/45 MP: 0/0
  3631 | D:4      | Learned a level 3 spell: Gell's Gravitas
  3840 | D:4      | Reached skill level 1 in Fighting
  3919 | D:4      | Found an iron altar of Okawaru.
  3927 | D:4      | Identified the +1 mace "Acupliubo" {vorpal, Int+3}
  4063 | D:4      | Reached skill level 2 in Fighting
  4217 | D:4      | Noticed Menkaure
  4221 | D:4      | Killed Menkaure
  4222 | D:4      | Reached skill level 3 in Fighting
  4266 | D:4      | Found a runed translucent door.
  4267 | D:4      | Noticed Crazy Yiuf
  4428 | D:4      | Reached skill level 4 in Fighting
  4607 | D:5      | Entered Level 5 of the Dungeon
  4840 | D:5      | Reached XP level 8. HP: 50/58 MP: 0/0
  4893 | D:5      | Reached skill level 5 in Fighting
  5046 | D:5      | Noticed a yak
  5047 | D:5      | Reached skill level 6 in Fighting
  5055 | D:5      | Killed a yak
  5323 | D:5      | Reached skill level 7 in Fighting
  5837 | D:6      | Reached skill level 8 in Fighting
  5837 | D:6      | Reached XP level 9. HP: 56/70 MP: 0/0
  5837 | D:6      | Learned a level 4 spell: Corpse Rot
  5924 | D:6      | Found a blossoming altar of Fedhas.
  5977 | D:6      | Found a staircase to the Ecumenical Temple.
  5989 | Temple   | Entered the Ecumenical Temple
  6022 | Temple   | Became a worshipper of Makhleb the Destroyer
  6220 | D:6      | Found a shimmering altar of Xom.
  6631 | D:6      | Reached skill level 9 in Fighting
  7102 | D:6      | Found Cifrysest's General Store.
  7111 | D:6      | Bought a scroll of identify for 26 gold pieces
  7111 | D:6      | Bought a wand of flame (12) for 109 gold pieces
  7111 | D:6      | Bought a scroll of enchant weapon for 97 gold pieces
  7421 | D:6      | Reached skill level 10 in Fighting
  7997 | D:7      | Reached * piety under Makhleb
  8164 | D:6      | Reached XP level 10. HP: 64/80 MP: 0/0
  8839 | D:7      | Reached skill level 11 in Fighting
  8977 | D:8      | Noticed Psyche
  8984 | D:8      | Killed Psyche
  9175 | D:8      | Noticed a two-headed ogre
  9882 | D:8      | Reached skill level 12 in Fighting
 10745 | D:9      | Reached ** piety under Makhleb
 10752 | D:8      | Reached XP level 11. HP: 47/91 MP: 0/0
 10752 | D:8      | Learned a level 5 spell: Blade Hands
 10995 | D:9      | Reached skill level 13 in Fighting
 11412 | D:9      | Found a staircase to the Lair.
 11436 | D:9      | Identified the +2 leather armour "Ykkeoczom" {Harm}
 11659 | D:9      | Reached skill level 14 in Fighting
 12717 | D:10     | Entered Level 10 of the Dungeon
 12784 | D:10     | Reached *** piety under Makhleb
 14322 | D:9      | Reached skill level 15 in Fighting
 16107 | D:10     | HP: 3/95 [ice beast[an ice statue] (21)]
 16131 | D:10     | Slain by an ice beast

Illustrated notes

Levels and vault maps discovered:
D:1:      elethiomel_arrival_infinity_welcomes_careful_drivers, layout_rooms,
          ebering_ecumenical_altar_box, nicolae_eternal_life
D:2:      layout_basic, minmay_box_of_dots
D:3:      layout_loops_ring, slow_altar_2, lemuel_doored_altar,
          mainiacjoe_overflow_large_starburst, serial_shops,
          nicolae_shop_bloodbath_and_beyond
D:4:      kennysheep_spiral_hall, layout_rooms, okawaru_ov_weapons_minmay,
          serial_undead, serial_undead_c, serial_undead_f, serial_undead_e,
          serial_undead_d, uniq_grinder, uniq_crazy_yiuf_cottage, uniq_menkaure
D:5:      layout_basic, serial_park_tiny_1, st_stairs_2, eino_tiny_chamber,
          minmay_chambers_of_fives
D:6:      layout_basic, amcnicky_altar_gilded, nicolae_overflow_crystal_walls,
          minmay_temple_entry_large_hall, serial_shops, nicolae_shop_waterfront,
          corexii_item_surrounded_by_moat, small_statue_intersection
D:7:      layout_cave_pools, chequers_serial_rivers_small_b
D:8:      layout_basic, grunt_temple_overflow_magic_moments,
          serial_co_window_serial, co_window_paths_a, co_window_paths_a,
          co_window_paths_a, co_window_corner_a, co_window_cross_1,
          co_window_broadway_a, co_window_2corner, co_window_2corner,
          co_window_4corner_a, co_window_sun, glass_columns_b, glass_columns_b,
          uniq_psyche
D:9:      layout_irregular_city, erik_lair_island
D:10:     layout_long_grid, serial_bayou, serial_bayou_pond_c,
          serial_bayou_crossing, serial_bayou_pond_c, serial_bayou_lake_a,
          minmay_statue_bubble
Temple:   hellmonk_temple_forest_ring

Skill      XL: |  1  2  3  4  5  6  7  8  9 10 11 |
---------------+----------------------------------+-----
Spellcasting   | 3 4 5 6 7 |  7.0
Fighting       | 4 8 10 12 15 | 15.2
Dodging        | |  2.2
Stealth        | |  1.6

Action                   |  1- 3 |  4- 6 |  7- 9 | 10-12 || total
-------------------------+-------+-------+-------+-------++-------
Melee: Mace              |       |       |       |     1 ||     1
 Cast: Foxfire           |    59 |    32 |   158 |   260 ||   509
       Scorch            |     4 |    25 |    90 |   178 ||   297
       Flame Wave        |       |       |       |     2 ||     2
  Use: Scroll            |       |     4 |     5 |       ||     9
       Potion            |       |       |       |     1 ||     1
Armor: Robe              |       |    11 |    12 |    40 ||    63
Dodge: Dodged            |     1 |    23 |    22 |   103 ||   149
